 Dungeon Crawl Stone Soup version 0.27-a0-911-gfacc31910f (webtiles) character file.

Game seed: 17778570310303158912

220 Bapho the Ruffian (level 5, -6/50 HPs)
             Began as a Troll Monk on Apr 9, 2021.
             Splashed by Ijyb's acid (14 damage)
             ... on level 3 of the Dungeon.
             The game lasted 00:05:28 (2262 turns).

Bapho the Ruffian (Troll Monk)                      Turns: 2262, Time: 00:05:28

Health: -6/50      AC:  5    Str: 19    XL:     5   Next: 64%
Magic:  4/4        EV: 10    Int:  7    God:
Gold:   83         SH:  5    Dex: 12    Spells: 4/4 levels left

rFire    . . .     SeeInvis .     - Unarmed
rCold    . . .     Faith    .   (no shield)
rNeg     . . .     Spirit   .   a - +0 robe
rPois    .         Reflect  +   (helmet restricted)
rElec    .         Harm     .   b - +0 cloak
rCorr    .         Rampage  .   (gloves unavailable)
Will     .....                  (boots unavailable)
Stlth    ++........             f - amulet of reflection
HPRegen  1.16/turn              (no ring)
MPRegen  0.09/turn              (no ring)

@: no status effects
A: large, unfitting armour, claws 3, regeneration 1, shaggy fur 1, tough skin 1
a: no special abilities


You were on level 3 of the Dungeon.
You visited 1 branch of the dungeon, and saw 3 of its levels.

You collected 83 gold pieces.

Inventory:

Missiles
 e - 85 stones (quivered)
Armour
 a - a +0 robe (worn)
 b - a +0 cloak (worn)
Jewellery
 f - an amulet of reflection (around neck)
Wands
 j - a wand of iceblast (8)
 m - a wand of polymorph (8)
Scrolls
 g - a scroll of acquirement {unknown}
 n - a scroll of identify
 o - a scroll of amnesia {unknown}
 p - a scroll of teleportation {unknown}
 q - a scroll of enchant weapon {unknown}
Potions
 c - a potion of brilliance
 d - a potion of curing {unknown}
 h - a potion of magic {unknown}
 i - a potion of heal wounds
 k - 2 potions of attraction {unknown}
 l - a potion of haste {unknown}


   Skills:
 - Level 2.4 Fighting
 - Level 2.4 Dodging
 - Level 1.0 Stealth
 + Level 6.4 Unarmed Combat


You had 4 spell levels left.
You didn't know any spells.
Your spell library contained the following spells:

 Spells                   Type           Power      Damage    Failure   Level
 Confusing Touch          Hex            0%         N/A       80%         3
 Gell's Gravitas          Tloc           0%         N/A       80%         3
 Petrify                  Tmut/Erth      0%         N/A       99%         4
 Metabolic Englaciation   Hex/Ice        0%         N/A       100%        5
 Yara's Violent Unravell  Hex/Tmut       0%         3d3       100%        5


Dungeon Overview and Level Annotations

Branches:
Dungeon (3/15)

Altars:

Shops:
D:2 =

Annotations:
D:3 Ijyb


Innate Abilities, Weirdness & Mutations

You are too large for most types of armour.
You have claws for hands.
Your natural rate of healing is unusually fast.
You are covered in fur. (AC +1)
You have tough skin. (AC +1)


Message History

The adder is lightly wounded.
The adder bites you.
You scratch the adder. You claw the adder.
You kill the adder!
No target in view!
No target in view!
No target in view!
Found a stone staircase leading down.
You see here an adder corpse.
e - 83 stones (gained 1)
e - 86 stones (gained 3)
There is a stone staircase leading down here.
Found 5 boomerangs.
You see here 5 boomerangs.
Found a stone staircase leading up.
There is a stone staircase leading up here.
A rat comes into view.
A rat is nearby!
Your line of fire to the rat is blocked by a plant.
Continue anyway? [Y]es or [N]o only, please.
Your line of fire to the rat is blocked by a plant.
Continue anyway? [Y]es or [N]o only, please.
Your line of fire to the rat is blocked by a plant.
Continue anyway?
Okay, then.
You claw the rat!
You kill the rat!
You see here a rat corpse.
You open the door.
There is an open door here.
You enter the shallow water.
Moving in this stuff is going to be slow.
Ijyb the Twisted Goblin comes into view.
She is wielding a +0 dagger of holy wrath and carrying a wand of acid (10).
You throw a stone. The stone hits Ijyb but does no damage.
Ijyb shouts!
Ijyb zaps a wand.
The bolt of acid hits you!
You are splashed with acid.
You are too injured to fight recklessly!
Ijyb zaps a wand.
The bolt of acid hits you!!
* * * LOW HITPOINT WARNING * * *
You are splashed with acid!
You die...

#.# #.#.# #.# #........ #.# #.#.#
#.# #........ #.# #.# #.......)
#.# #.# #........ #.#####.#
###........ #.#.....# #≈.........
#.#.#############≈≈.......P
#.#.............P≈≈≈'####".
#######.........@####.≈≈≈≈.# #..
.............##...# ####P#.# #.P
##...........##..g# #.#.# #.P
....P........##...# #.#.# ##.
♣≈≈..........###+## #.#.# #.
≈♣≈....P.....# #.#.# ##
≈≈≈≈♣.P......# ♣♣♣♣♣♣♣♣#.#.######
≈≈≈≈..P......#♣♣≈≈♣≈≈≈♣♣.#.......
♣≈≈.♣♣.......♣≈≈≈≈≈≈PP≈♣P#.......


You could see Ijyb.

Vanquished Creatures
  Crazy Yiuf (D:2)
  Natasha (thrice) (D:2)
  Robin (D:2)
  2 adders (D:3)
  An adder zombie (D:2)
  A worm (D:2)
  A dart slug (D:3)
  2 orcs (D:2)
  5 ball pythons
  4 giant cockroaches
  13 goblins
  5 hobgoblins
  17 jackals (D:1)
  2 quokkas
  5 bats
  3 frilled lizards
  2 kobolds (D:1)
  6 rats
74 creatures vanquished.

Vanquished Creatures (others)
  15 plants
15 creatures vanquished.

Grand Total: 89 creatures vanquished

Notes
Turn   | Place    | Note
-------+----------+-------------------------------------------
     0 | D:1      | Bapho the Troll Monk began the quest for the Orb.
     0 | D:1      | Reached XP level 1. HP: 22/22 MP: 0/0
    48 | D:1      | Reached XP level 2. HP: 27/29 MP: 1/1
    87 | D:1      | Reached skill level 4 in Unarmed Combat
   229 | D:1      | Reached XP level 3. HP: 36/36 MP: 2/2
   660 | D:2      | Noticed Natasha
   665 | D:2      | Killed Natasha
   666 | D:2      | Reached XP level 4. HP: 32/44 MP: 3/3
   696 | D:2      | Reached skill level 5 in Unarmed Combat
   971 | D:2      | Found Bacsicza's Jewellery Shoppe.
   980 | D:2      | Noticed Robin
   993 | D:2      | Killed Robin
  1144 | D:2      | Noticed Natasha
  1153 | D:2      | Killed Natasha
  1154 | D:2      | Reached XP level 5. HP: 45/50 MP: 4/4
  1182 | D:2      | Noticed Natasha
  1215 | D:2      | Killed Natasha
  1216 | D:2      | Reached skill level 6 in Unarmed Combat
  1386 | D:2      | Found a runed translucent door.
  1387 | D:2      | Noticed Crazy Yiuf
  1733 | D:2      | Killed Crazy Yiuf
  2260 | D:3      | Noticed Ijyb
  2262 | D:3      | Splashed by Ijyb's acid

Illustrated notes

Levels and vault maps discovered:
D:1:      tarquinn_simple_flora_water_a, layout_basic,
          chequers_serial_rivers_micro_b
D:2:      layout_loops_ring, serial_shops, shop, uniq_crazy_yiuf_cottage,
          uniq_robin, uniq_natasha
D:3:      layout_basic, serial_bayou, serial_bayou_lagoon_a,
          serial_bayou_pond_a, serial_bayou_ford_a, serial_bayou_pond_a,
          serial_bayou_shore_a, serial_bayou_pond_d, minmay_goblin_kobold_house,
          uniq_ijyb

Skill      XL: |  1  2  3  4  5 |
---------------+----------------+-----
Unarmed Combat | 4 5 6 |  6.4
Fighting       | |  2.4
Dodging        | |  2.4
Stealth        | |  1.0

Action                   |  1- 3 |  4- 6 || total
-------------------------+-------+-------++-------
Melee: Unarmed           |   105 |   106 ||   211
       Punch             |     2 |     1 ||     3
Throw: Stone             |    32 |   101 ||   133
  Use: Scroll            |       |     3 ||     3
 Stab: Invisible         |       |     1 ||     1
Armor: Robe              |    41 |    11 ||    52
Dodge: Dodged            |    66 |    35 ||   101
Block: Other             |    13 |    12 ||    25
       Reflection        |       |     1 ||     1

Table legend: (Time is in decaauts)
 A = Elapsed time spent in this place.
 B = Non-inter-level travel time spent in this place.
 C = Inter-level travel time spent in this place.
 D = Time resting spent in this place.
 E = Time spent auto-exploring this place.
 F = Levels seen in this place.
 G = Mean time per level.
                   A        B        C        D        E       F      G
               +--------+--------+--------+--------+--------+-----+--------+
         Total |   2281 |   2197 |     84 |      0 |   1704 |   3 |  760.3 |
       Dungeon |   2281 |   2197 |     84 |      0 |   1704 |   3 |  760.3 |
               +--------+--------+--------+--------+--------+-----+--------+

Top non-repeatable levels by time:
     D:2: 1180 daAuts
     D:1: 640 daAuts
     D:3: 460 daAuts
